 Dungeon Crawl Stone Soup version 0.22-a0-377-g846bec1 (webtiles) character file.

3397 Amnesiac the Conjurer (level 9, 0/66 HPs)
             Began as a Mummy Wizard on Apr 27, 2018.
             Was an Initiate of Gozag.
             Slain by a gnoll
             ... wielding a +0 spear
              (6 damage)
             ... on level 7 of the Dungeon.
             The game lasted 00:15:36 (8757 turns).

Amnesiac the Conjurer (Mummy Wizard)                Turns: 8757, Time: 00:15:37

Health: 0/66       AC:  5    Str: 10    XL:     9   Next: 75%
Magic:  3/18       EV: 14    Int: 21    God:    Gozag
Gold:   1202       SH:  0    Dex: 10    Spells: 6/20 levels left

rFire    x . .     SeeInvis .   a - +2 falchion (venom)
rCold    + . .     Gourm    .   (no shield)
rNeg     + + +     Faith    .   p - +0 robe
rPois    ∞         Spirit   .   k - +0 helmet (curse)
rElec    .         Reflect  .   t - +0 cloak
rCorr    .         Harm     .   (no gloves)
MR       +....                  r - +0 pair of boots
Stlth    ++........             (no amulet)
HPRegen  0.21/turn              (no ring)
MPRegen  0.16/turn              (no ring)

@: gold aura
A: no food or potions, fire vulnerability, cold resistance 1, negative energy
resistance 3, torment resistance, unbreathing
a: Potion Petition, Call Merchant, Bribe Branch, Renounce Religion


You were on level 7 of the Dungeon.
You worshipped Gozag.
Gozag was most pleased with you.
You were not hungry.

You visited 1 branch of the dungeon, and saw 8 of its levels.

You collected 1402 gold pieces.
You spent 160 gold pieces at shops.
You paid 40 gold pieces to Gozag.

Inventory:

Hand Weapons
 a - a +2 falchion of venom (weapon)
 b - a +3 falchion of slicing
 n - a +0 lajatang
 s - a +0 short sword of venom
Missiles
 c - 54 sling bullets
 h - 300 stones (quivered)
 j - 7 curare-tipped needles
Armour
 k - a cursed +0 helmet (worn)
 m - a +0 shield
 p - a +0 robe (worn)
 r - a +0 pair of boots (worn)
 t - a +0 cloak (worn)
Scrolls
 d - 5 scrolls of immolation {!r}
 e - 4 scrolls of identify {!r}
 f - 3 scrolls of blinking {!r}
 g - 5 scrolls of enchant armour {!r}
 i - 2 scrolls of enchant weapon {!r}
 l - a scroll of teleportation {!r}
 o - 4 scrolls of remove curse {!r}
 q - a scroll of magic mapping {!r}
 u - a scroll of vulnerability {!r, unknown}
 v - 2 scrolls of amnesia {!r}
 w - 2 scrolls of torment {!r}
 x - a scroll of fog {!r}


   Skills:
 - Level 4.7 Fighting
 - Level 5.3 Dodging
 - Level 1.5 Stealth
 + Level 3.5 Shields
 - Level 6.0 Spellcasting
 - Level 6.0 Conjurations
 - Level 6.0 Hexes
 - Level 0.7 Summonings
 - Level 0.7 Translocations


You had 6 spell levels left.
You knew the following spells:

 Your Spells              Type           Power        Failure   Level  Hunger
a - Dazzling Spray        Conj/Hex       ####..       2%          3    N/A
b - Call Imp              Summ           #.......     11%         2    N/A
c - Magic Dart            Conj           ####         1%          1    N/A
e - Mephitic Cloud        Conj/Pois/Air  ##......     13%         3    N/A
s - Conjure Flame         Conj/Fire      ###.....     9%          3    N/A
v - Blink                 Tloc           N/A          11%         2    N/A

Dungeon Overview and Level Annotations

Branches:
Dungeon (8/15)             Temple (0/1) D:4
   Lair: D:8-11

Altars:
Ashenzari
Elyvilon
Gozag
Vehumet
Wu Jian
Xom

Shops:
D:5 (   D:6 !%*%:


Innate Abilities, Weirdness & Mutations

You do not eat or drink.
Your flesh is vulnerable to fire.
You are immune to poison.
Your flesh is cold resistant. (rC+)
You are immune to negative energy. (rN+++)
You are immune to unholy pain and torment.
You can survive without breathing.


Message History

The gnoll throws a stone.
The stone closely misses you.
A gnoll comes into view. It is wielding a spear.
Casting: Mephitic Cloud (safe; 13% risk of failure)
Confirm with . or Enter, or press ? or * to list all spells.
Aiming: Mephitic Cloud (safe; 13% risk of failure)
Press: ? - help, Shift-Dir - straight line You miscast Mephitic Cloud.
You are very lightly contaminated with residual magic.
You feel odd.
The gnoll shouts!
The gnoll throws a stone.
The stone hits you.
* * * LOW HITPOINT WARNING * * *
The gnoll throws a stone.
The stone hits you but does no damage.
A gnoll comes into view. It is wielding a spear.
The gnoll throws a stone.
The stone hits you but does no damage.
You see here a stone.
The gnoll throws a stone.
The stone misses you.
The gnoll throws a stone.
The stone hits you.
* * * LOW HITPOINT WARNING * * *
You see here 2 stones.
You see here a rapier.
You start resting.
Casting: Mephitic Cloud (safe; 13% risk of failure)
Confirm with . or Enter, or press ? or * to list all spells.
Aiming: Mephitic Cloud (safe; 13% risk of failure)
Press: ? - help, Shift-Dir - straight line, f - gnoll
Aim: a gnoll, wielding a spear The ball explodes into a vile cloud!
The stinking cloud engulfs the gnoll.
The gnoll is engulfed in noxious fumes.
The gnoll appears confused.
The gnoll is engulfed in noxious fumes.
The gnoll appears confused.
The gnoll is engulfed in noxious fumes.
The gnoll appears confused.
You hit the gnoll.
The gnoll is poisoned.
The gnoll is heavily wounded.
The gnoll hits the gnoll with a spear.
The gnoll is engulfed in noxious fumes.
The gnoll appears confused.
The gnoll closely misses you.
You hit the gnoll.
You kill the gnoll!
Your magical contamination has completely faded away.
The gnoll hits you but does no damage.
The gnoll is distracted by the nearby gold.
The gnoll hits itself with a spear!
The gnoll is killed!
Things that are here:
6 gold pieces; a spear; a bubbling amethyst potion {!q} The gnoll misses you.
Things that are here:
7 gold pieces; a spear You hit the gnoll.
The gnoll is poisoned.
The gnoll is heavily wounded.
The gnoll hits you with a spear.
* * * LOW HITPOINT WARNING * * *
The gnoll is distracted by the nearby gold.
You barely miss the gnoll.
The gnoll is no longer distracted by gold.
The gnoll shouts!
The gnoll is heavily wounded.
The gnoll is no longer distracted by gold.
The gnoll hits you with a spear!
* * * LOW HITPOINT WARNING * * *
The gnoll hits you from afar with a spear.
* * * LOW HITPOINT WARNING * * *
The gnoll hits you from afar with a spear.
You die...
Your body crumbles into a pile of gold.

##..#
#.##.#######.#.
#..## #.##.### #...
#### #.#...!# #...
#......#####.<.
###....##.....#
#....##.....#
##############.....#
#...$gg..#####.....(
###@####.....#####(.
#..#######.).#....
##..# ###..gg..
##.### #!.(g...
#...#####..((([.
###........(>...
####..##...)....
#....####...)...
####............


You could see 2 gnolls.

Vanquished Creatures
  Pikel (D:5)
  Sigmund (D:5)
  Eustachio (D:4)
  Edmund (D:4)
  Menkaure (D:4)
  7 sky beasts
  An orc warrior (D:7)
  A phantom (D:4)
  3 ogres
  2 centaurs
  2 bullfrogs (D:6)
  A gnoll sergeant (D:6)
  A wyvern zombie (D:6)
  A scorpion (D:5)
  A crimson imp (D:5)
  A bullfrog zombie (D:5)
  2 orc priests
  A hound (D:5)
  2 jellies (D:7)
  3 orc wizards
  Crazy Yiuf (D:5)
  5 worker ants
  6 gnolls
  7 adders
  2 worker ant zombies (D:5)
  An ooze (D:2)
  An adder skeleton (D:4)
  2 dart slugs (D:1)
  2 leopard geckos
  15 orcs
  3 giant cockroaches
  11 goblins
  6 hobgoblins
  26 jackals
  6 kobolds
  4 quokkas
  6 bats
  5 frilled lizards
  A jackal skeleton (D:7)
  7 rats
151 creatures vanquished.

Vanquished Creatures (collateral kills)
  Grinder (D:3)
  Terence (D:1)
  A jackal (D:1)
3 creatures vanquished.

Vanquished Creatures (others)
  A hound (D:5)
1 creature vanquished.

Grand Total: 155 creatures vanquished

Notes
Turn   | Place    | Note
-------+----------+-------------------------------------------
     0 | D:1      | Amnesiac the Mummy Wizard began the quest for the Orb.
     0 | D:1      | Reached XP level 1. HP: 13/13 MP: 5/5
   160 | D:1      | Reached skill level 1 in Conjurations
   175 | D:2      | Found an opulent altar of Gozag.
   326 | D:2      | Reached XP level 2. HP: 7/19 MP: 0/7
   531 | D:2      | Became a worshipper of Gozag Ym Sagoz the Greedy
   617 | D:1      | Learned a level 2 spell: Call Imp
  1156 | D:1      | Reached XP level 3. HP: 24/24 MP: 5/8
  1161 | D:1      | Learned a level 3 spell: Conjure Flame
  1165 | D:1      | Learned a level 3 spell: Mephitic Cloud
  1681 | D:2      | Noticed Terence
  1722 | D:1      | Killed Terence
  2009 | D:2      | Reached XP level 4. HP: 30/30 MP: 5/10
  2746 | D:3      | Noticed Grinder
  2786 | D:3      | Found a radiant altar of Vehumet.
  2789 | D:3      | Killed Grinder
  2789 | D:3      | Reached XP level 5. HP: 4/35 MP: 0/11
  2860 | D:3      | Learned a level 2 spell: Blink
  3288 | D:3      | Reached XP level 6. HP: 30/42 MP: 0/12
  3379 | D:3      | Found a glowing silver altar of Zin.
  3381 | D:3      | Found a white marble altar of Elyvilon.
  3381 | D:3      | Found an ornate altar of the Wu Jian Council.
  3383 | D:3      | Found a glowing silver altar of Zin.
  3383 | D:3      | Found a shattered altar of Ashenzari.
  3383 | D:3      | Found a shimmering altar of Xom.
  3559 | D:4      | Reached skill level 5 in Conjurations
  3728 | D:4      | Reached skill level 1 in Fighting
  4178 | D:4      | Noticed Edmund
  4201 | D:4      | Killed Edmund
  4201 | D:4      | Reached skill level 5 in Spellcasting
  4201 | D:4      | Reached XP level 7. HP: 23/48 MP: 12/15
  4446 | D:4      | Found a staircase to the Ecumenical Temple.
  4780 | D:4      | Noticed Menkaure
  4796 | D:4      | Killed Menkaure
  5054 | D:5      | Entered Level 5 of the Dungeon
  5068 | D:5      | Noticed Eustachio
  5107 | D:5      | Reached XP level 8. HP: 58/58 MP: 10/16
  5175 | D:4      | Killed Eustachio
  5333 | D:5      | Found Plog's Weapon Shop.
  5553 | D:5      | Noticed Sigmund
  5563 | D:5      | Killed Sigmund
  5652 | D:5      | Found a runed door.
  5683 | D:5      | Learned a level 3 spell: Dazzling Spray
  5733 | D:5      | Reached skill level 1 in Hexes
  5882 | D:5      | Noticed Pikel
  5903 | D:5      | Killed Pikel
  5903 | D:5      | Reached skill level 5 in Hexes
  5903 | D:5      | Reached XP level 9. HP: 58/65 MP: 4/18
  6236 | D:5      | Noticed Crazy Yiuf
  6244 | D:5      | Killed Crazy Yiuf
  6340 | D:6      | Found Poheb's Distillery.
  6393 | D:6      | Found Nimei's Assorted Antiques.
  6397 | D:6      | Bought a scroll labeled WESSIRI HENU for 32 gold pieces
  6397 | D:6      | Bought a scroll labeled DURY OWKAIMIAS for 32 gold pieces
  6397 | D:6      | Bought a scroll labeled SAVEV OSHRA for 32 gold pieces
  6397 | D:6      | Bought a scroll labeled SAVEV OSHRA for 32 gold pieces
  6397 | D:6      | Bought a scroll labeled IDOOSH KARHE for 32 gold pieces
  6826 | D:6      | Found Kugewki's Food Shoppe.
  6906 | D:6      | Found Yphes's Book Shop.
  7091 | D:6      | Reached skill level 5 in Dodging
  7616 | D:6      | Found Zaxiud's Food Shoppe.
  7748 | D:7      | Reached skill level 1 in Shields
  8396 | D:7      | Found a white marble altar of Elyvilon.
  8757 | D:7      | Slain by a gnoll

Vault maps used:
D:1:      sevenhm_arrival_forest_fort_large_2
D:2:      grunt_gozag_breadcrumbs, uniq_terence
D:3:      minmay_wonky_spiral, nicolae_overflow_crystal_walls,
          doesnt_xom_only_xom, dk_noncrumbling_3, kennysheep_generic_room_6,
          uniq_grinder
D:4:      temple_statues, first_ration, uniq_menkaure, uniq_edmund
D:5:      serial_shops, nicolae_shop_trees, uniq_sigmund, uniq_eustachio,
          uniq_pikel, uniq_crazy_yiuf_cottage
D:6:      serial_shops, shop, nicolae_shop_waterfront, shop_fountains,
          nicolae_shop_trees, shop, eino_small_chamber_without_monster
D:7:      elyvilon_altar_3
D:8:      lemuel_crystal_altar, basic_altar

Skill      XL: |  1  2  3  4  5  6  7  8  9 |
---------------+----------------------------+-----
Conjurations   | 1 2 3 4 5 6 |  6.0
Dodging        | 2 3 4 5 |  5.3
Fighting       | 1 3 4 |  4.7
Spellcasting   | 5 6 |  6.0
Hexes          | 5 6 |  6.0
Shields        | 3 |  3.5
Stealth        | |  1.5
Summonings     | |  0.7
Translocations | |  0.7

Action                   |  1- 3 |  4- 6 |  7- 9 || total
-------------------------+-------+-------+-------++-------
Melee: Dagger            |    48 |       |       ||    48
       Falchion          |       |    43 |   176 ||   219
 Cast: Magic Dart        |    72 |    86 |    32 ||   190
       Call Imp          |     8 |    10 |       ||    18
       Mephitic Cloud    |     1 |     1 |     8 ||    10
       Conjure Flame     |       |       |     8 ||     8
       Dazzling Spray    |       |       |    49 ||    49
  Use: Scroll            |     2 |     4 |     7 ||    13
 Stab: Distracted        |     2 |       |       ||     2
       Sleeping          |     1 |       |       ||     1
       Confused          |     3 |       |     4 ||     7
       Invisible         |       |       |     2 ||     2
Armor: Robe              |    15 |     6 |    27 ||    48
Dodge: Dodged            |    45 |    31 |   128 ||   204
       Rpst.: Falchion   |       |     6 |    42 ||    48

Table legend:
 A = Spawn XP
 B = Non-spawn XP
 C = Spawn XP percentage of total XP
 D = Spawn monster count
 E = Non-spawn monster count
 F = Spawn count percentage of total count
 G = Total turns spent on level
                    A         B        C        D         E        F      G
               +---------+---------+-------+---------+---------+-------+---------
         Total |       0 |    4853 |   0.0 |       0 |     155 |   0.0 |  8757
               +---------+---------+-------+---------+---------+-------+---------
           D:1 |       0 |      71 |   0.0 |       0 |      26 |   0.0 |  1206
           D:2 |       0 |      30 |   0.0 |       0 |      15 |   0.0 |  1119
           D:3 |       0 |     321 |   0.0 |       0 |      27 |   0.0 |  1201
           D:4 |       0 |    1050 |   0.0 |       0 |      31 |   0.0 |  1565
           D:5 |       0 |    1734 |   0.0 |       0 |      23 |   0.0 |  1196
           D:6 |       0 |     908 |   0.0 |       0 |      16 |   0.0 |  1445
           D:7 |       0 |     739 |   0.0 |       0 |      17 |   0.0 |  1018
               +---------+---------+-------+---------+---------+-------+---------
